Workbook

Sheet Cuadro General
A1: 1. CUADRO GENERAL DE ÁREAS
A2: ÁREAS | D2: ÁREAS M2 | E2: PORCENTAJE SOBRE ÁREA BRUTA | F2: PORCENTAJE SOBRE ÁREA VERIFICACIÓN | G2: PORCENTAJE SOBRE ÁREA NETA | H2: NORMATIVIDAD ASOCIADA
A3: Área Bruta (AB) | D3: 97931.865 | E3: =D3/D$3 -> 1 | H3: Dec 555 - Art 303 En este caso, el área del proyecto será de mínimo tres hectáreas (3.0) incluyendo las áreas de la malla vial intermedia y local, controles ambientales, el es- pacio público y equipamientos de proximidad exis- tentes y que puedan ser objeto de reconfiguración de acuerdo la viabilidad emitida por las empresas de servicios públicos, no se contabilizarán las áreas de la malla vial arterial existente, los elementos de la es- tructura ecológica principal, y/o de los parques es- tructurantes existentes.
A4: Áreas de manejo diferenciado | D4: 9265.18 | E4: =D4/D$3 -> 0.09460843
A5: Ámd 1 Central Park | D5: 4413 | E5: =D5/D$3 -> 0.045061942
A6: Ámd 2 Parque El Lago | D6: 1692.18 | E6: =D6/D$3 -> 0.017279156
A7: Ámd 3 Manzana 3 | D7: 3160 | E7: =D7/D$3 -> 0.032267332
A8: Malla vial arterial existente | D8: 3875.374 | E8: =D8/D$3 -> 0.039572146
A9: Malla vial arterial existente ( Calle 63) Inciso final parágrafo 1 Artículo 328 | D9: 2184.9205 | E9: =D9/D$3 -> 0.022310619
A10: Malla vial arterial existente (Puente Peatonal Calle 63) Inciso final parágrafo 1 Artículo 328 | D10: 1110.1979 | E10: =D10/D$3 -> 0.011336432
A11: Malla vial arterial existente (Puente Peatonal Carrera 30 con Calle 63C) Inciso final parágrafo 1 Artículo 329 | D11: 251.3134 | E11: =D11/D$3 -> 0.0025662066
A12: Malla vial arterial existente (Puente Peatonal Carrera 30 con Calle 63F) Inciso final parágrafo 1 Artículo 330 | D12: 328.9422 | E12: =D12/D$3 -> 0.0033588883
A13: Área de Verificación (AV) Parágrafo 1 del Artículo 328 | D13: =D3-D4-D8 -> 84791.311 | E13: =D13/D$3 -> 0.86581942 | F13: =D13/D$13 -> 1 | H13: Dec 555 - Art 303 Exigencia de plan parcial para actuaciones urbanísticas en el tratamiento de Renovación Urbana. Dec 555 - Art 328. Parágrafo 1. El área de verificación del plan parcial será de mínimo tres hectáreas (3.0) incluyendo las áreas de la malla vial intermedia y local, el espacio público y equipamientos de proximidad existentes y que puedan ser objeto de reconfiguración, controles ambientales y de acuerdo con la viabilidad emitida por las empresas de servicios públicos. No se con- tabilizarán las áreas de la malla vial arterial existente, los elementos de la estructura ecológica principal, y/o de los parques estructurantes existentes.
A14: Cargas Generales - Afectaciónes | D14: =SUM(D15:D17) -> 14723.733 | E14: =D14/D$3 -> 0.1503467 | F14: =D14/D$13 -> 0.17364672
A15: Ambientales | D15: 0 | E15: =D15/D$3 -> 0 | F15: =D15/D$13 -> 0
A16: Servicios Públicos | D16: 0 | E16: =D16/D$3 -> 0 | F16: =D16/D$13 -> 0
A17: Viales | D17: =SUM(D18:D21) -> 14723.733 | E17: =D17/D$3 -> 0.1503467 | F17: =D17/D$13 -> 0.17364672
A18: Retorno Puente Vehicular Av. Calle 63 - Area de Reserva | D18: 2554.6346 | E18: =D18/D$3 -> 0.026085836 | F18: =D18/D$13 -> 0.030128495
A19: Calle 63A - Retorno Av. Carr 30 a Av. Calle 63 - Reserva | D19: 2825.3055 | E19: =D19/D$3 -> 0.028849706 | F19: =D19/D$13 -> 0.033320696
A20: Cesión Area Verde conformación de Calle 63A - Retorno Av. Carrera 30 a Av. Calle 63 | D20: 1583.3795 | E20: =D20/D$3 -> 0.016168175 | F20: =D20/D$13 -> 0.018673841
A21: Area Verde conformación Retorno Puente Vehicular Av. Calle 63 | B21: Area Verde conformación Retorno Puente Vehicular Av. Calle 63 | C21: Area Verde conformación Retorno Puente Vehicular Av. Calle 63 | D21: 7760.4135 | E21: =D21/D$3 -> 0.079242987 | F21: =D21/D$13 -> 0.091523688
A22: Área Neta (AN) | D22: =D13-D14 -> 70067.578 | E22: =D22/D$3 -> 0.71547272 | F22: =D22/D$13 -> 0.82635328 | G22: =D22/D$22 -> 1 | H22: Dec 555 - Art 328. Obligaciones urbanísticas para proyectos que requieren de la adopción de plan parcial. IC Efectivo (ICe): Resultante Porcentaje de cálculo para obligación (Fs): 65% Área de verificación del plan parcial (AV): Mínimo tres (3,0) hectáreas Del área a ceder, se deberá garantizar que 30% se destine a espacio público de proximidad. Parágrafo 2. El porcentaje de cálculo para las obli- gaciones urbanísticas en planes parciales incluirá las de carácter general y local. Dec. 555 - Art 233. Equipamento tipo 1 Edificaciones con área construida menor a 4000 m2
A23: Cesiones | D23: =D24+D30+D34 -> 41408.406 | E23: =D23/D$3 -> 0.42282873 | F23: =D23/D$13 -> 0.48835671 | G23: =D23/D$22 -> 0.59097812
A24: Espacio público | D24: =SUM(D25:D29) -> 23682.84 | E24: =D24/D$3 -> 0.24182976 | F24: =D24/D$13 -> 0.27930739 | G24: =D24/D$22 -> 0.33799997
A25: Almeda Area Verde Anterior Carrera 36A | B25: Almeda Area Verde Anterior Calle 36A | C25: Almeda Area Verde Anterior Calle 36A | D25: 10827.069 | E25: =D25/D$3 -> 0.11055716 | F25: =D25/D$13 -> 0.12769078 | G25: =D25/D$22 -> 0.15452324
A26: Alameda peatonal Occidental Calle 63C | B26: Alameda peatonal - Anterior Calle 63C | C26: Alameda peatonal - Anterior Calle 63C | D26: 3823.6752 | E26: =D26/D$3 -> 0.039044239 | F26: =D26/D$13 -> 0.04509513 | G26: =D26/D$22 -> 0.054571248
A27: Alameda peatonal Oriental Calle 63C | B27: Alameda peatonal - Anterior Calle 63C | C27: Alameda peatonal - Anterior Calle 63C | D27: 2363.532 | E27: =D27/D$3 -> 0.024134453 | F27: =D27/D$13 -> 0.027874696 | G27: =D27/D$22 -> 0.033732178
A28: Area Parque No 1 | B28: Area Parque No 1 Unid de Gestiòn 2 | C28: Area Parque No 1 Unid de Gestiòn 2 | D28: 2454.0666 | E28: =D28/D$3 -> 0.025058918 | F28: =D28/D$13 -> 0.02894243 | G28: =D28/D$22 -> 0.035024282
A29: Area Parque No 2 | B29: Area Parque No 2 Unid de Gestiòn 2 | C29: Area Parque No 2 Unid de Gestiòn 2 | D29: 4214.4968 | E29: =D29/D$3 -> 0.043034989 | F29: =D29/D$13 -> 0.049704347 | G29: =D29/D$22 -> 0.060149029
A30: Equipamientos | D30: =SUM(D31:D33) -> 2921.3837 | E30: =D30/D$3 -> 0.029830778 | F30: =D30/D$13 -> 0.03445381 | G30: =D30/D$22 -> 0.041693801
A31: Equipamiento No 1 - Educativo | B31: Cesión Area Verde conformación de Calle 63A - Retorno Av. Carrera 30 a Av. Calle 63 | C31: Cesión Area Verde conformación de Calle 63A - Retorno Av. Carrera 30 a Av. Calle 63 | D31: 317.346 | E31: =D31/D$3 -> 0.0032404774 | F31: =D31/D$13 -> 0.0037426712 | G31: =D31/D$22 -> 0.0045291418
A32: Equipamiento No 2 - Educativo | B32: Cesión Area Verde conformación de Calle 63A - Retorno Av. Carrera 30 a Av. Calle 63 | C32: Cesión Area Verde conformación de Calle 63A - Retorno Av. Carrera 30 a Av. Calle 63 | D32: 410.4951 | E32: =D32/D$3 -> 0.0041916397 | F32: =D32/D$13 -> 0.0048412401 | G32: =D32/D$22 -> 0.0058585598
A33: Equipamiento No 3 - Cultural y Transporte | B33: Cesión Area Verde conformación de Calle 63A - Retorno Av. Carrera 30 a Av. Calle 63 | C33: Cesión Area Verde conformación de Calle 63A - Retorno Av. Carrera 30 a Av. Calle 63 | D33: 2193.5426 | E33: =D33/D$3 -> 0.02239866 | F33: =D33/D$13 -> 0.025869898 | G33: =D33/D$22 -> 0.0313061
A34: Vías | D34: =SUM(D35:D45) -> 14804.183 | E34: =D34/D$3 -> 0.15116819 | F34: =D34/D$13 -> 0.17459552 | G34: =D34/D$22 -> 0.21128435
A35: Calle 63B | B35: Calle 63B | C35: Calle 63B | D35: 2581.6018 | E35: =D35/D$3 -> 0.026361203 | F35: =D35/D$13 -> 0.030446537 | G35: =D35/D$22 -> 0.036844456
A36: Calle 63D | B36: Calle 63C | C36: Calle 63C | D36: 630.1137 | E36: =D36/D$3 -> 0.006434205 | F36: =D36/D$13 -> 0.0074313475 | G36: =D36/D$22 -> 0.0089929425
A37: Calle 63F | B37: Calle 63C | C37: Calle 63C | D37: 1610.4342 | E37: =D37/D$3 -> 0.016444435 | F37: =D37/D$13 -> 0.018992915 | G37: =D37/D$22 -> 0.022984014
A38: Carrera 35 | B38: Carrera 35 | C38: Carrera 35 | D38: 4331.2961 | E38: =D38/D$3 -> 0.044227648 | F38: =D38/D$13 -> 0.051081839 | G38: =D38/D$22 -> 0.061815981
A39: Carrera 36 | B39: Carrera 36 | C39: Carrera 36 | D39: 2201.7362 | E39: =D39/D$3 -> 0.022482327 | F39: =D39/D$13 -> 0.025966531 | G39: =D39/D$22 -> 0.031423038
A40: Carrera 36A - Peatonal Restringido Acceso a Proy. Resid. Central Park | B40: Carrera 36A - Peatonal Restringido Acceso a Proy. Resid. Central Park | C40: Carrera 36A - Peatonal Restringido Acceso a Proy. Resid. Central Park | D40: 1121.2569 | E40: =D40/D$3 -> 0.011449357 | F40: =D40/D$13 -> 0.013223724 | G40: =D40/D$22 -> 0.016002507
A41: Cesión para conformación de andén Carrera 30 Manz 1 | B41: Carrera 36A - Peatonal Restringido Acceso a Proy. Resid. Central Park | C41: Carrera 36A - Peatonal Restringido Acceso a Proy. Resid. Central Park | D41: 144.6171 | E41: =D41/D$3 -> 0.0014767114 | F41: =D41/D$13 -> 0.0017055651 | G41: =D41/D$22 -> 0.002063966
A42: Cesión para conformación de andén Carrera 30 AMD No 3 | B42: Cesión para conformación de andén Carrera 30 AMD No 3 | C42: Cesión para conformación de andén Carrera 30 AMD No 3 | D42: 352.2987 | E42: =D42/D$3 -> 0.0035973858 | F42: =D42/D$13 -> 0.0041548915 | G42: =D42/D$22 -> 0.0050279845
A43: Cesión para conformación de andén Calle 63F AMD No 3 | B43: Cesión para conformación de andén Calle 63F AMD No 3 | C43: Cesión para conformación de andén Calle 63F AMD No 3 | D43: 93.2003 | E43: =D43/D$3 -> 0.00095168513 | F43: =D43/D$13 -> 0.0010991728 | G43: =D43/D$22 -> 0.0013301487
A44: Cesión para conformación de andén Carrera 35 AMD No 3 | B44: Cesión para conformación de andén Carrera 35 AMD No 3 | C44: Cesión para conformación de andén Carrera 35 AMD No 3 | D44: 62.3866 | E44: =D44/D$3 -> 0.00063704086 | F44: =D44/D$13 -> 0.00073576642 | G44: =D44/D$22 -> 0.00089037757
A45: Cesión para conformación de andén Carrera 30 | B45: Cesión para conformación de andén Carrera 30 Manz No 2 Unid Gestiòn 2 | C45: Cesión para conformación de andén Carrera 30 Manz No 2 Unid Gestiòn 2 | D45: 1675.2411 | E45: =D45/D$3 -> 0.01710619 | F45: =D45/D$13 -> 0.019757226 | G45: =D45/D$22 -> 0.023908934
A46: Área Útil (AU) | D46: =D22-D23 -> 28659.172 | E46: =D46/D$3 -> 0.292644 | F46: =D46/D$13 -> 0.33799657 | G46: =D46/D$22 -> 0.40902188
A47: Mazana 1 | D47: 12479.59 | E47: =D47/D$3 -> 0.12743135 | F47: =D47/D$13 -> 0.14718005 | G47: =D47/D$22 -> 0.17810791
A48: Mazana 2 | D48: 5389.644 | E48: =D48/D$3 -> 0.05503463 | F48: =D48/D$13 -> 0.063563635 | G48: =D48/D$22 -> 0.076920655
A49: Mazana 3 | D49: 3277.0131 | E49: =D49/D$3 -> 0.033462174 | F49: =D49/D$13 -> 0.038647982 | G49: =D49/D$22 -> 0.046769322
A50: Mazana 4 | D50: 6311.9242 | E50: =D50/D$3 -> 0.0644522 | F50: =D50/D$13 -> 0.074440696 | G50: =D50/D$22 -> 0.090083379
A51: Mazana 5 | D51: 1201.0018 | E51: =D51/D$3 -> 0.012263647 | F51: =D51/D$13 -> 0.014164208 | G51: =D51/D$22 -> 0.017140621
A52: Relación (ABruta/Util) | D52: =D3/D46 -> 3.4171212
A53: Relación (AVerificación/AUtil) | D53: =D13/D46 -> 2.9586099
A54: Relación (ANeta /AUtil) | D54: =D22/D46 -> 2.444857
A55: Carga General mas Carga local | C55: Área m2 | D55: =D14+D23 -> 56132.139 | E55: Porcentaje | F55: =$D$55/$D$13 -> 0.66200343 | H55: Dec 555 - Art 328. IC Efectivo - Porcentaje de cáculo de obligaciones: Garantizar que mínimo el 30% se destine a espacio público de proximidad. Dec 555 - Art 329. Obligación urbanística para equipamiento público: La obligación para equipamientos se cumplirá en el ámbito del proyecto, para lo cual se destinará el tres por ciento (3%) del área del terreno o el tres (3%) por ciento del área total construida.
A56: Porcentaje de espacio público | D56: =D24 -> 23682.84 | F56: =$D$56/$D$55 -> 0.42191229
A57: Porcentaje de equipamientos | D57: =D30 -> 2921.3837 | F57: =$D$57/$D$13 -> 0.03445381 | G57: =D55*0.38% -> 213.30213
A60: 2. CUADRO DE ÁREAS POR USO
A61: Tipo de uso | C61: Cantidad | D61: Área (m2) | E61: Porcentaje de área pública o privada | F61: Porcentaje del área bruta | H61: NORMATIVIDAD ASOCIADA
A62: Vivienda ingresos altos | C62: 0.22024098 | D62: =C62*$D$46 -> 6311.9242 | E62: =+D62/$D$69 -> 0.22024098 | F62: =+D62/$C$74 -> 0.074440696 | H62: Dec.555 - Art.322 Progresividad en el cumplimiento de destinar porciones de suelo a la construcción de VIS o VIP o su equivalente en metros cuadrados de construcción. En proyectos de renovación urbana el porcentaje obligatorio para VIS y VIP que permiten acceder a la edificabilidad adicional se calculará: Renovación Urbana Hasta el 31/12/2027 IC Efectivo (ICe): Mayor a 7 o planes parciales VIP: 6% y VIS: 8%
A63: Vivienda ingresos medios | C63: 0.40979265 | D63: =C63*$D$46 -> 11744.318 | E63: =+D63/$D$69 -> 0.40979265 | F63: =+D63/$C$74 -> 0.13850851
A64: Vivienda Interés Social VIS | C64: 0.08 | D64: =C64*$D$46 -> 2292.7338 | E64: =+D64/$D$69 -> 0.08 | F64: =+D64/$C$74 -> 0.027039726
A65: Vivienda Interés Prioritario VIP | C65: 0.06 | D65: =C65*$D$46 -> 1719.5503 | E65: =+D65/$D$69 -> 0.06 | F65: =+D65/$C$74 -> 0.020279794
A66: Comercio y Servicios Tipo 1 | C66: 0 | D66: =C66*$D$46 -> 0 | E66: =+D66/$D$69 -> 0 | F66: =+D66/$C$74 -> 0 | H66: Dec 555 - Art 234. Clasificación de usos comerciales y de servicios. 1. Comercios y servicios básicos. 2 y 5 Hospedaje y Especiales 4. Servicios al automóvil.
A67: Comercial y de Servicios Tipo 3 Servicios de hospedaje y especiales | C67: 0.18806 | D67: =C67*$D$46 -> 5389.644 | E67: =+D67/$D$69 -> 0.18806 | F67: =+D67/$C$74 -> 0.063563635
A68: Comercial y de Servicios Tipo 2 Clasificación Servicios al automovil | C68: 0.041906367 | D68: =C68*$D$46 -> 1201.0018 | E68: =+D68/$D$69 -> 0.041906367 | F68: =+D68/$C$74 -> 0.014164208
A69: Área Util-Privada | C69: =SUM(C62:C68) -> 1 | D69: =SUM(D62:D68) -> 28659.172 | E69: =SUM(E62:E68) -> 1 | F69: =SUM(F62:F68) -> 0.33799657
A70: Equipamiento | C70: =D70/$D$13 -> 0.03445381 | D70: =D30 -> 2921.3837 | E70: =+D70/$D$73 -> 0.05204476 | F70: =+D70/$C$74 -> 0.03445381
A71: Espacio público | C71: =D71/$D$13 -> 0.27930739 | D71: =D24 -> 23682.84 | E71: =+D71/$D$73 -> 0.42191229 | F71: =+D71/$C$74 -> 0.27930739
A72: Vias | C72: =D72/$D$13 -> 0.34824224 | D72: =D34+D17 -> 29527.916 | E72: =+D72/$D$73 -> 0.52604295 | F72: =+D72/$C$74 -> 0.34824224
A73: Afect. - Área Pública | C73: =SUM(C70:C72) -> 0.66200343 | D73: =SUM(D70:D72) -> 56132.139 | E73: =+D73/$D$73 -> 1 | F73: =+D73/$C$74 -> 0.66200343
A74: Área Verificación | C74: =SUM(D73,D69) -> 84791.311 | F74: =+C74/$C$74 -> 1 | H74: Dec 555 - Art 328.
A77: 3. NORMA URBANISTICA | E77: 4. INDICADORES DE ESPACIO PÚBLICO Y EQUIPAMENTOS
A78: Uso del suelo | C78: Índice de ocupación (IO) | D78: Índice de construcción | E78: Número de habitantes por vivienda (Hab/viv) | F78: Número total de Unidades (Und) | G78: Número de habitantes por tipo de vivienda (Hab) | H78: Área de espacio público de proximidad efectivo (m2) | I78: Índice de espacio público de proximidad efectivo por habitante (m2/hab)
A79: Vivienda ingresos altos | C79: 0.5 | D79: 10 | E79: 2.8 | F79: =I90 -> 498.30981 | G79: =F79*E79 -> 1395.2675 | H79: =D71 -> 23682.84 | I79: =H79/G83 -> 3.2804732
A80: Vivienda ingresos medios | C80: 0.5 | D80: 10 | E80: 2.8 | F80: =I91 -> 1304.9243 | G80: =F80*E80 -> 3653.7879 | H80: Área de equipamientos (m2) | I80: Índice de equipamientos por hab. (m2/hab)
A81: Vivienda Interés Social VIS | C81: 0.5 | D81: 10 | E81: 2.8 | F81: =I92 -> 442.91448 | G81: =F81*E81 -> 1240.1606 | H81: =D70 -> 2921.3837 | I81: =H81/G83 -> 0.40466098
A82: Vivienda Interés Prioritario VIP | C82: 0.5 | D82: 10 | E82: 2.8 | F82: =I93 -> 332.18586 | G82: =F82*E82 -> 930.12041 | H82: Áreas Privadas Afectas al Uso Público APAUP (m2) | I82: Índice de APAUP por habitante (m2/hab)
A83: Comercio y Servicios Tipo 1 | C83: 0.5 | D83: 1 | E83: Total | F83: =SUM(F79:F82) -> 2578.3344 | G83: =SUM(G79:G82) -> 7219.3363 | H83: =C97-D97 -> 14329.586 | I83: =H83/G83 -> 1.9848897
A84: Comercial y de Servicios Tipo 3 Servicios de hospedaje y especiales | C84: 0.5 | D84: 10 | H84: Áreas Real de Uso Público (m2) | I84: Índice de área real uso publico (m2/hab)
A85: Comercial y de Servicios Tipo 2 Clasificación Servicios al automovil | C85: 0.5 | D85: 3.5 | H85: =H79+H83 -> 38012.426 | I85: =H85/G83 -> 5.2653629
A88: 5. CUADRO DE EDIFICABILIDAD GENERAL
A89: Uso del suelo | C89: Área Neta (m2) | D89: Área ocupada (Área Neta x IO) (m2) | E89: Área construida (Neta x IC) (m2) | F89: Porcentaje vendible del Área Constrida (m2) | G89: Pisos resultantes (Área construida/Área Ocupada) (m2) | H89: Tamaño unidad de vivienda (m2) | I89: No. Unidades de vivienda
A90: Vivienda ingresos altos | C90: =D62 -> 6311.9242 | D90: =C79*C90 -> 3155.9621 | E90: =C90*D79 -> 63119.242 | F90: 0.75 | G90: =E90/D90 -> 20 | H90: 95 | I90: =+(E90*F90)/H90 -> 498.30981
A91: Vivienda ingresos medios | C91: =D63 -> 11744.318 | D91: =C80*C91 -> 5872.1591 | E91: =C91*D80 -> 117443.18 | F91: 0.8 | G91: =E91/D91 -> 20 | H91: 72 | I91: =+(E91*F91)/H91 -> 1304.9243
A92: Vivienda Interés Social VIS | C92: =D64 -> 2292.7338 | D92: =C81*C92 -> 1146.3669 | E92: =C92*D81 -> 22927.338 | F92: 0.85 | G92: =E92/D92 -> 20 | H92: 44 | I92: =+(E92*F92)/H92 -> 442.91448
A93: Vivienda Interés Prioritario VIP | C93: =D65 -> 1719.5503 | D93: =C82*C93 -> 859.77517 | E93: =C93*D82 -> 17195.503 | F93: 0.85 | G93: =E93/D93 -> 20 | H93: 44 | I93: =+(E93*F93)/H93 -> 332.18586
A94: Comercio y Servicios Tipo 1 | C94: =D66 -> 0 | E94: =C94*D83 -> 0 | H94: Total | I94: =SUM(I90:I96) -> 2578.3344
A95: Comercial y de Servicios Tipo 3 Servicios de hospedaje y especiales | C95: =D67 -> 5389.644 | D95: =C84*C95 -> 2694.822 | E95: =C95*D84 -> 53896.44 | F95: 0.7 | G95: =E95/D95 -> 20
A96: Comercial y de Servicios Tipo 2 Clasificación Servicios al automovil | C96: =D68 -> 1201.0018 | D96: =C85*C96 -> 600.5009 | E96: =C96*D85 -> 4203.5063 | F96: 0.7 | G96: =E96/D96 -> 7
A97: Total | C97: =SUM(C90:C96) -> 28659.172 | D97: =SUM(D90:D96) -> 14329.586 | E97: =SUM(E90:E96) -> 278785.21

Sheet Reparto C&B
A2: 6. CONDICIONES INICIALES - DIVISIÓN POR MANZANA EXISTENTES Y AVALÚOS
A3: Manzana Existente | B3: Área de la Manzana Existente (m2) | C3: Participación de la manzana en el área total (%) | D3: Avalúo catastral por Manzana Existente Metro cuadrado de terreno ($/m2) | E3: Avalúo comercial por Manzana Existente Metro cuadrado de terreno ($/m2) | F3: Valor comercial por Manzana Existente ($) | G3: Costo política de Moradores ($) 8,6% Valor comercial Manzana Existente | H3: Participación de la Manzana Existente en el valor total (%) | I3: 0.085962865
A4: 005104004 | B4: 3966.4029 | C4: =B4/B$17 -> 0.069677626 | D4: 2022993 | E4: 3100000 | F4: =B4*E4 -> 12295848990 | G4: =F4*$I$3 -> 1.0569864e+09 | H4: =F4/F$17 -> 0.070416359
A5: 005104009 | B5: 6809.9426 | C5: =B5/B$17 -> 0.11962996 | D5: 1789227 | E5: 3100000 | F5: =B5*E5 -> 21110822060 | G5: =F5*$I$3 -> 1.8147468e+09 | H5: =F5/F$17 -> 0.1208983
A6: 005104010 | B6: 6612.3395 | C6: =B6/B$17 -> 0.11615868 | D6: 2009944 | E6: 3100000 | F6: =B6*E6 -> 20498252450 | G6: =F6*$I$3 -> 1.7620885e+09 | H6: =F6/F$17 -> 0.11739021
A7: 005104011 | B7: 3432.3975 | C7: =B7/B$17 -> 0.060296776 | D7: 1978116 | E7: 2800000 | F7: =B7*E7 -> 9610713000 | G7: =F7*$I$3 -> 8.2616443e+08 | H7: =F7/F$17 -> 0.055039015
A8: 005104012 | B8: 1498.0396 | C8: =B8/B$17 -> 0.026315996 | D8: 1698314 | E8: 2800000 | F8: =B8*E8 -> 4194510880 | G8: =F8*$I$3 -> 3.6057217e+08 | H8: =F8/F$17 -> 0.024021292
A9: 005104003 | B9: 3401.7083 | C9: =B9/B$17 -> 0.05975766 | D9: 1707594 | E9: 2800000 | F9: =B9*E9 -> 9524783240 | G9: =F9*$I$3 -> 8.1877766e+08 | H9: =F9/F$17 -> 0.054546909
A10: 005104007 | B10: 1254.4893 | C10: =B10/B$17 -> 0.022037558 | D10: 1602832 | E10: 2800000 | F10: =B10*E10 -> 3512570040 | G10: =F10*$I$3 -> 3.0195059e+08 | H10: =F10/F$17 -> 0.020115926
A11: 005104008 | B11: 4801.7397 | C11: =B11/B$17 -> 0.084351951 | D11: 1625478 | E11: 2800000 | F11: =B11*E11 -> 13444871160 | G11: =F11*$I$3 -> 1.1557596e+09 | H11: =F11/F$17 -> 0.076996625
A12: 005104006 | B12: 9875.1597 | C12: =B12/B$17 -> 0.1734765 | D12: 1897469 | E12: 3100000 | F12: =B12*E12 -> 30612995070 | G12: =F12*$I$3 -> 2.6315808e+09 | H12: =F12/F$17 -> 0.17531572
A13: 005104001 | B13: 3153.5802 | C13: =B13/B$17 -> 0.055398805 | D13: 1990393 | E13: 3300000 | F13: =B13*E13 -> 10406814660 | G13: =F13*$I$3 -> 8.9459961e+08 | H13: =F13/F$17 -> 0.059598161
A14: 005104002 | B14: 2946.824 | C14: =B14/B$17 -> 0.051766728 | D14: 1991348 | E14: 3100000 | F14: =B14*E14 -> 9135154400 | G14: =F14*$I$3 -> 7.8528405e+08 | H14: =F14/F$17 -> 0.052315567
A15: 005104005 | B15: 3740.0249 | C15: =B15/B$17 -> 0.065700853 | D15: 1770373 | E15: 3300000 | F15: =B15*E15 -> 12342082170 | G15: =F15*$I$3 -> 1.0609607e+09 | H15: =F15/F$17 -> 0.070681129
A16: 005104014 | B16: 5432.41 | C16: =B16/B$17 -> 0.095430908 | D16: 2335989 | E16: 3300000 | F16: =B16*E16 -> 17926953000 | G16: =F16*$I$3 -> 1.5410522e+09 | H16: =F16/F$17 -> 0.10266479
A17: TOTAL | B17: =SUM(B4:B16) -> 56925.058 | C17: =SUM(C13:C16) -> 0.26829729 | F17: =SUM(F4:F16) -> 174616371120 | G17: =SUM(G4:G16) -> 1.5010524e+10 | H17: =SUM(H13:H16) -> 0.28525965
A19: 7. CRUCE DE MANZANAS EXISTENTES CON LAS PROYECTADAS (ÁREAS Y AVALÚOS)
A20: Manzana Existente | B20: Manzanas Proyectadas | C20: Área de la Manzana coincidente con la Manzana Propuesta (m2) | D20: Área Privada de la Manzana Propuesta (m2) | E20: Área Publica de la Manzana Propuesta (m2) | F20: Área Total de la Manzana Propuesta (m2) | G20: Participación de la Manzana Propuesta en el área total (%) | H20: Valor comercial por Manzana Propuesta ($) | I20: Valor comercial por Manzana Propuesta total ($) | J20: Participación de la Manzana Propuesta en el valor total (%)
A21: 005104004 | B21: MP 1 Residencial | C21: 2799.027 | D21: =SUM(C21:C23) -> 9682.0878 | E21: =F21-D21 -> 2797.5019 | F21: ='Cuadro General'!D47 -> 12479.59 | G21: =F21/F30 -> 0.43544836 | H21: =C21*E4 -> 8676983700 | I21: =SUM(H21:H23) -> 30014472180 | J21: =I21/I$30 -> 0.43829387
A22: 005104009 | C22: 6666.2451 | H22: =C22*E5 -> 20665359810 | J22: =H22/#REF! -> #REF!
A23: 005104010 | C23: 216.8157 | H23: =C23*E6 -> 672128670 | J23: =H23/#REF! -> #REF!
A24: 005104011 | B24: MP 2 Comercio T2 | C24: 2938.8711 | D24: =SUM(C24:C25) -> 4358.5241 | E24: =F24-D24 -> 1031.1199 | F24: ='Cuadro General'!D48 -> 5389.644 | G24: =F24/F30 -> 0.18806 | H24: =C24*E7 -> 8228839080 | I24: =SUM(G24:H25) -> 1.2203867e+10 | J24: =I24/I30 -> 0.17821004
A25: 005104012 | C25: 1419.653 | H25: =C25*E8 -> 3975028400 | J25: =H25/#REF! -> #REF!
A26: 005104003 | B26: MP 3 Residencial | C26: 3008.2483 | D26: =C26 -> 3008.2483 | E26: =F26-D26 -> 268.7648 | F26: ='Cuadro General'!D49 -> 3277.0131 | G26: =F26/F30 -> 0.1143443 | H26: =C26*E9 -> 8.4230952e+09 | I26: =H26 -> 8.4230952e+09 | J26: =I26/I30 -> 0.12300036
A27: 005104007 | B27: MP 4 Residencial | C27: 1054.2246 | D27: =SUM(C27:C28) -> 5398.9076 | E27: =F27-D27 -> 913.0166 | F27: ='Cuadro General'!D50 -> 6311.9242 | G27: =F27/F30 -> 0.22024098 | H27: =C27*E10 -> 2951828880 | I27: =SUM(H27:H28) -> 15116941280 | J27: =I27/I30 -> 0.22074893
A28: 005104008 | C28: 4344.683 | H28: =C28*E11 -> 12165112400 | J28: =H28/#REF! -> #REF!
A29: 005104006 | B29: MP 5 Comercio T3 | C29: 878.0226 | D29: =C29 -> 878.0226 | E29: =F29-D29 -> 322.9792 | F29: ='Cuadro General'!D51 -> 1201.0018 | G29: =F29/F30 -> 0.041906367 | H29: =C29*E12 -> 2721870060 | I29: =H29 -> 2721870060 | J29: =I29/I30 -> 0.039746791
A30: Total | C30: =SUM(C21:C29) -> 23325.79 | D30: =SUM(D21:D29) -> 23325.79 | E30: =SUM(E21:E29) -> 5333.3824 | F30: =SUM(F21:F29) -> 28659.173 | G30: =SUM(G21:G29) -> 1 | H30: =SUM(H21:H29) -> 68480246240 | I30: =SUM(I21:I29) -> 6.8480246e+10 | J30: =J21+J24+J26+J27+J29 -> 1
A33: 8. TIPOS DE USO POR MANZANA (% Y M2)
A34: Manzana | B34: Vivienda ingresos altos | D34: Vivienda ingresos medios | F34: Vivienda VIS | H34: Vivienda VIP | J34: Comercio y Servicios Tipo 1 | L34: Comercial y de Servicios Tipo 3 Servicios de hospedaje y especiales | N34: Comercial y de Servicios Tipo 2 Clasificación Servicios al automovil | P34: TOTAL m2 de construcción
B35: Porcentaje % | C35: m2 de construcción | D35: Porcentaje % | E35: m2 de construcción | F35: Porcentaje % | G35: m2 de construcción | H35: Porcentaje % | I35: m2 de construcción | J35: Porcentaje % | K35: m2 de construcción | L35: Porcentaje % | M35: m2 de construcción | N35: Porcentaje % | O35: m2 de construcción
A36: MP1 Residencial | B36: 0 | C36: =B36*'Cuadro General'!$E$90 -> 0 | D36: 1 | E36: =D36*'Cuadro General'!$E$91 -> 117443.18 | F36: 0.32069637 | G36: =F36*'Cuadro General'!$E$92 -> 7352.7141 | H36: 0 | I36: =H36*'Cuadro General'!$E$93 -> 0 | J36: 0 | K36: =J36*'Cuadro General'!$E$94 -> 0 | L36: 0 | M36: =L36*'Cuadro General'!$E$95 -> 0 | N36: 0 | O36: =N36*'Cuadro General'!$E$96 -> 0 | P36: =C36+E36+G36+I36+K36+M36+O36 -> 124795.9
A37: MP 2 Comercio T3 | B37: 0 | C37: =B37*'Cuadro General'!$E$90 -> 0 | D37: 0 | E37: =D37*'Cuadro General'!$E$91 -> 0 | F37: 0 | G37: =F37*'Cuadro General'!$E$92 -> 0 | H37: 0 | I37: =H37*'Cuadro General'!$E$93 -> 0 | J37: 0 | K37: =J37*'Cuadro General'!$E$94 -> 0 | L37: 1 | M37: =L37*'Cuadro General'!$E$95 -> 53896.44 | N37: 0 | O37: =N37*'Cuadro General'!$E$96 -> 0 | P37: =C37+E37+G37+I37+K37+M37+O37 -> 53896.44
A38: MP 3 Residencial | B38: 0 | C38: =B38*'Cuadro General'!$E$90 -> 0 | D38: 0 | E38: =D38*'Cuadro General'!$E$91 -> 0 | F38: 0.67930379 | G38: =F38*'Cuadro General'!$E$92 -> 15574.628 | H38: 1 | I38: =H38*'Cuadro General'!$E$93 -> 17195.503 | J38: 0 | K38: =J38*'Cuadro General'!$E$94 -> 0 | L38: 0 | M38: =L38*'Cuadro General'!$E$95 -> 0 | N38: 0 | O38: =N38*'Cuadro General'!$E$96 -> 0 | P38: =C38+E38+G38+I38+K38+M38+O38 -> 32770.131
A39: MP 4 Residencial | B39: 1 | C39: =B39*'Cuadro General'!$E$90 -> 63119.242 | D39: 0 | E39: =D39*'Cuadro General'!$E$91 -> 0 | F39: 0 | G39: =F39*'Cuadro General'!$E$92 -> 0 | H39: 0 | I39: =H39*'Cuadro General'!$E$93 -> 0 | J39: 0 | K39: =J39*'Cuadro General'!$E$94 -> 0 | L39: 0 | M39: =L39*'Cuadro General'!$E$95 -> 0 | N39: 0 | O39: =N39*'Cuadro General'!$E$96 -> 0 | P39: =C39+E39+G39+I39+K39+M39+O39 -> 63119.242
A40: MP 5 Comercio T2 | B40: 0 | C40: =B40*'Cuadro General'!$E$90 -> 0 | D40: 0 | E40: =D40*'Cuadro General'!$E$91 -> 0 | F40: 0 | G40: =F40*'Cuadro General'!$E$92 -> 0 | H40: 0 | I40: =H40*'Cuadro General'!$E$93 -> 0 | J40: 0 | K40: =J40*'Cuadro General'!$E$94 -> 0 | L40: 0 | M40: =L40*'Cuadro General'!$E$95 -> 0 | N40: 1 | O40: =N40*'Cuadro General'!$E$96 -> 4203.5063 | P40: =C40+E40+G40+I40+K40+M40+O40 -> 4203.5063
A41: Total | B41: =SUM(B36:B40) -> 1 | C41: =SUM(C36:C40) -> 63119.242 | D41: =SUM(D36:D40) -> 1 | E41: =SUM(E36:E40) -> 117443.18 | F41: =SUM(F36:F40) -> 1.0000002 | G41: =SUM(G36:G40) -> 22927.342 | H41: =SUM(H36:H40) -> 1 | I41: =SUM(I36:I40) -> 17195.503 | ... P41: =SUM(P36:P40) -> 278785.22
A44: 9. EDIFICABILIDAD POR MANZANA
A45: Manzana | B45: Área Neta de la manzana (m2) | C45: Área construida (m2) | D45: Índice de construcción (AN) | E45: Índice de ocupación promedio | F45: Área ocupada (m2) | G45: Pisos
A46: MP1 Residencial | B46: =F21 -> 12479.59 | C46: =P36 -> 124795.9 | D46: =C46/B46 -> 10 | E46: ='Cuadro General'!D$97/'Cuadro General'!C$97 -> 0.5 | F46: =B46*E46 -> 6239.7949 | G46: =C46/F46 -> 20
A47: MP 2 Comercio T3 | B47: =F24 -> 5389.644 | C47: =P37 -> 53896.44 | D47: =C47/B47 -> 10 | E47: ='Cuadro General'!D$97/'Cuadro General'!C$97 -> 0.5 | F47: =B47*E47 -> 2694.822 | G47: =C47/F47 -> 20
A48: MP 3 Residencial | B48: =F26 -> 3277.0131 | C48: =P38 -> 32770.131 | D48: =C48/B48 -> 10 | E48: ='Cuadro General'!D$97/'Cuadro General'!C$97 -> 0.5 | F48: =B48*E48 -> 1638.5066 | G48: =C48/F48 -> 20
A49: MP 4 Residencial | B49: =F27 -> 6311.9242 | C49: =P39 -> 63119.242 | D49: =C49/B49 -> 10 | E49: ='Cuadro General'!D$97/'Cuadro General'!C$97 -> 0.5 | F49: =B49*E49 -> 3155.9621 | G49: =C49/F49 -> 20
A50: MP 5 Comercio T2 | B50: =F29 -> 1201.0018 | C50: =P40 -> 4203.5063 | D50: =C50/B50 -> 3.5 | E50: ='Cuadro General'!D$97/'Cuadro General'!C$97 -> 0.5 | F50: =B50*E50 -> 600.5009 | G50: =C50/F50 -> 7
A51: Total | B51: =SUM(B46:B50) -> 28659.173 | C51: =SUM(C46:C50) -> 278785.22
A54: 10. COSTOS DE CARGAS URBANÍSTICAS
A55: Cargas | C55: Área (m2) | D55: Costo por m2 ($/m2) | E55: Costo total
A56: Espacio Público | C56: ='Cuadro General'!D71 -> 23682.84 | D56: 600000 | E56: =C56*D56 -> 1.4209704e+10
A57: Equipamientos | C57: ='Cuadro General'!D70 -> 2921.3837 | D57: 2500000 | E57: =C57*D57 -> 7.3034593e+09
A58: Vías | C58: ='Cuadro General'!D72 -> 29527.916 | D58: 1200000 | E58: =C58*D58 -> 3.5433499e+10
A59: Total | C59: =SUM(C56:C58) -> 56132.139 | E59: =SUM(E56:E58) -> 56946661910
A62: 11. INGRESOS POR VENTAS DE PRODUCTOS INMOBILIARIOS
A63: Precio de venta m2 construido | B63: 9900000 | C63: 7500000 | D63: 3977272 | E63: 2500000 | F63: 7200000 | G63: 8200000 | H63: 7250000 | I63: Total | J63: Participación en el valor total
A64: Manzana | B64: Vivienda ingresos altos | C64: Vivienda ingresos medios | D64: Vivienda VIS | E64: Vivienda VIP | F64: Comercio y Servicios Tipo 1 | G64: Comercial y de Servicios Tipo 3 Servicios de hospedaje y especiales | H64: Comercial y de Servicios Tipo 2 Clasificación Servicios al automovil
A65: MP1 Residencial | B65: =B$63*C36*0.75 -> 0 | C65: =C$63*E36*0.8 -> 7.046591e+11 | D65: =D$63*G36*0.85 -> 2.4857182e+10 | E65: =E$63*I36*0.85 -> 0 | F65: =F$63*K36*0.7 -> 0 | G65: =G$63*M36*0.7 -> 0 | H65: =H$63*O36*0.7 -> 0 | I65: =SUM(B65:H65) -> 7.2951628e+11 | J65: =I65/I$70 -> 0.45085629
A66: MP 2 Comercio T2 | B66: =B$63*C37*0.75 -> 0 | C66: =C$63*E37*0.8 -> 0 | D66: =D$63*G37*0.85 -> 0 | E66: =E$63*I37*0.85 -> 0 | F66: =F$63*K37*0.7 -> 0 | G66: =G$63*M37*0.7 -> 3.0936557e+11 | H66: =H$63*O37*0.7 -> 0 | I66: =SUM(B66:H66) -> 3.0936557e+11 | J66: =I66/I$70 -> 0.19119438
A67: MP 3 Residencial | B67: =B$63*C38*0.75 -> 0 | C67: =C$63*E38*0.8 -> 0 | D67: =D$63*G38*0.85 -> 5.2652851e+10 | E67: =E$63*I38*0.85 -> 3.6540445e+10 | F67: =F$63*K38*0.7 -> 0 | G67: =G$63*M38*0.7 -> 0 | H67: =H$63*O38*0.7 -> 0 | I67: =SUM(B67:H67) -> 8.9193295e+10 | J67: =I67/I$70 -> 0.055123319
A68: MP 4 Residencial | B68: =B$63*C39*0.75 -> 4.6866037e+11 | C68: =C$63*E39*0.8 -> 0 | D68: =D$63*G39*0.85 -> 0 | E68: =E$63*I39*0.85 -> 0 | F68: =F$63*K39*0.7 -> 0 | G68: =G$63*M39*0.7 -> 0 | H68: =H$63*O39*0.7 -> 0 | I68: =SUM(B68:H68) -> 4.6866037e+11 | J68: =I68/I$70 -> 0.2896419
A69: MP 5 Comercio T3 | B69: =B$63*C40*0.75 -> 0 | C69: =C$63*E40*0.8 -> 0 | D69: =D$63*G40*0.85 -> 0 | E69: =E$63*I40*0.85 -> 0 | F69: =F$63*K40*0.7 -> 0 | G69: =G$63*M40*0.7 -> 0 | H69: =H$63*O40*0.7 -> 2.1332794e+10 | I69: =SUM(B69:H69) -> 2.1332794e+10 | J69: =I69/I$70 -> 0.013184112
A70: Total | B70: =SUM(B65:B69) -> 4.6866037e+11 | C70: =SUM(C65:C69) -> 7.046591e+11 | D70: =SUM(D65:D69) -> 7.7510033e+10 | E70: =SUM(E65:E69) -> 3.6540445e+10 | F70: =SUM(F65:F69) -> 0 | G70: =SUM(G65:G69) -> 3.0936557e+11 | H70: =SUM(H65:H69) -> 2.1332794e+10 | I70: =SUM(I65:I69) -> 1.6180683e+12 | J70: =SUM(J65:J69) -> 1
A71: Participación en el valor total | B71: =(SUM(B65:B69)/$I$70) -> 0.2896419 | C71: =(SUM(C65:C69)/$I$70) -> 0.43549404 | D71: =(SUM(D65:D69)/$I$70) -> 0.047902819 | E71: =(SUM(E65:E69)/$I$70) -> 0.022582758 | F71: =(SUM(F65:F69)/$I$70) -> 0 | G71: =(SUM(G65:G69)/$I$70) -> 0.19119438 | H71: =(SUM(H65:H69)/$I$70) -> 0.013184112
A74: 12. COSTOS DIRECTOS DE CONSTRUCCIÓN
A75: Costo de construcción por m2 | B75: 3700000 | C75: 3050000 | D75: 2300000 | E75: 2000000 | F75: 2500000 | G75: 3800000 | H75: 2900000 | I75: Total | J75: Participación en el valor total
A76: Manzana | B76: Vivienda ingresos altos | C76: Vivienda ingresos medios | D76: Vivienda VIS | E76: Vivienda VIP | F76: Comercio y Servicios Tipo 1 | G76: Comercial y de Servicios Tipo 3 Servicios de hospedaje y especiales | H76: Comercial y de Servicios Tipo 2 Clasificación Servicios al automovil
A77: MP1 Residencial | B77: =B$75*C36*0.75 -> 0 | C77: =C$75*E36*0.75 -> 2.6865128e+11 | D77: =D$75*G36*0.75 -> 1.2683432e+10 | E77: =E$75*I36*0.75 -> 0 | F77: =F$75*K36*0.75 -> 0 | G77: =G$75*M36*0.75 -> 0 | H77: =H$75*O36*0.75 -> 0 | I77: =SUM(B77:H77) -> 2.8133471e+11 | J77: =I77/I$70 -> 0.17387073
A78: MP 2 Comercio T2 | B78: =B$75*C37*0.75 -> 0 | C78: =C$75*E37*0.75 -> 0 | D78: =D$75*G37*0.75 -> 0 | E78: =E$75*I37*0.75 -> 0 | F78: =F$75*K37*0.75 -> 0 | G78: =G$75*M37*0.75 -> 1.5360485e+11 | H78: =H$75*O37*0.75 -> 0 | I78: =SUM(B78:H78) -> 1.5360485e+11 | J78: =I78/I$70 -> 0.094931007
A79: MP 3 Residencial | B79: =B$75*C38*0.75 -> 0 | C79: =C$75*E38*0.75 -> 0 | D79: =D$75*G38*0.75 -> 2.6866233e+10 | E79: =E$75*I38*0.75 -> 2.5793255e+10 | F79: =F$75*K38*0.75 -> 0 | G79: =G$75*M38*0.75 -> 0 | H79: =H$75*O38*0.75 -> 0 | I79: =SUM(B79:H79) -> 5.2659488e+10 | J79: =I79/I$70 -> 0.032544663
A80: MP 4 Residencial | B80: =B$75*C39*0.75 -> 1.751559e+11 | C80: =C$75*E39*0.75 -> 0 | D80: =D$75*G39*0.75 -> 0 | E80: =E$75*I39*0.75 -> 0 | F80: =F$75*K39*0.75 -> 0 | G80: =G$75*M39*0.75 -> 0 | H80: =H$75*O39*0.75 -> 0 | I80: =SUM(B80:H80) -> 1.751559e+11 | J80: =I80/I$70 -> 0.10825
A81: MP 5 Comercio T3 | B81: =B$75*C40*0.75 -> 0 | C81: =C$75*E40*0.75 -> 0 | D81: =D$75*G40*0.75 -> 0 | E81: =E$75*I40*0.75 -> 0 | F81: =F$75*K40*0.75 -> 0 | G81: =G$75*M40*0.75 -> 0 | H81: =H$75*O40*0.75 -> 9.1426262e+09 | I81: =SUM(B81:H81) -> 9.1426262e+09 | J81: =I81/I$70 -> 0.0056503339
A82: Total | B82: =SUM(B77:B81) -> 1.751559e+11 | C82: =SUM(C77:C81) -> 2.6865128e+11 | D82: =SUM(D77:D81) -> 3.9549664e+10 | E82: =SUM(E77:E81) -> 2.5793255e+10 | F82: =SUM(F77:F81) -> 0 | G82: =SUM(G77:G81) -> 1.5360485e+11 | H82: =SUM(H77:H81) -> 9.1426262e+09 | I82: =SUM(I77:I81) -> 6.7189758e+11 | J82: =SUM(J77:J81) -> 0.41524673
A83: Participación en el valor total | B83: =(SUM(B77:B81)/$I$70) -> 0.10825 | C83: =(SUM(C77:C81)/$I$70) -> 0.1660321 | D83: =(SUM(D77:D81)/$I$70) -> 0.024442518 | E83: =(SUM(E77:E81)/$I$70) -> 0.01594077 | F83: =(SUM(F77:F81)/$I$70) -> 0 | G83: =(SUM(G77:G81)/$I$70) -> 0.094931007 | H83: =(SUM(H77:H81)/$I$70) -> 0.0056503339
A86: 13. COSTOS INDIRECTOS DE CONSTRUCCIÓN
A87: % Sobre las ventas | B87: =SUM(B88:B92) -> 0.25 | C87: =SUM(C88:C92) -> 0.25 | D87: =SUM(D88:D92) -> 0.25 | E87: =SUM(E88:E92) -> 0.25 | F87: =SUM(F88:F92) -> 0.25 | G87: 0.25 | H87: 0.25 | I87: Total | J87: Participación en el valor total
A88: Honorarios | B88: 0.13 | C88: 0.13 | D88: 0.13 | E88: 0.13 | F88: 0.13 | G88: 0.13 | H88: 0.13
A89: Impuestos | B89: 0.047 | C89: 0.047 | D89: 0.047 | E89: 0.047 | F89: 0.047 | G89: 0.047 | H89: 0.047
A90: Gastos de administración | B90: 0.003 | C90: 0.003 | D90: 0.003 | E90: 0.003 | F90: 0.003 | G90: 0.003 | H90: 0.003
A91: Gastos de ventas | B91: 0.02 | C91: 0.02 | D91: 0.02 | E91: 0.02 | F91: 0.02 | G91: 0.02 | H91: 0.02
A92: Gastos financieros | B92: 0.05 | C92: 0.05 | D92: 0.05 | E92: 0.05 | F92: 0.05 | G92: 0.05 | H92: 0.05
A93: Manzana | B93: Vivienda ingresos altos | C93: Vivienda ingresos medios | D93: Vivienda VIS | E93: Vivienda VIP | F93: Comercio y Servicios Tipo 1 | G93: Comercial y de Servicios Tipo 3 Servicios de hospedaje y especiales | H93: Comercial y de Servicios Tipo 2 Clasificación Servicios al automovil
A94: MP1 Residencial | B94: =B$87*B65 -> 0 | C94: =C$87*C65 -> 1.7616477e+11 | D94: =D$87*D65 -> 6.2142956e+09 | E94: =E$87*E65 -> 0 | F94: =F$87*F65 -> 0 | G94: =G$87*G65 -> 0 | H94: =H$87*H65 -> 0 | I94: =SUM(B94:H94) -> 1.8237907e+11 | J94: =I94/$I$70 -> 0.11271407
A95: MP 2 Comercio T2 | B95: =B$87*B66 -> 0 | C95: =C$87*C66 -> 0 | D95: =D$87*D66 -> 0 | E95: =E$87*E66 -> 0 | F95: =F$87*F66 -> 0 | G95: =G$87*G66 -> 7.7341391e+10 | H95: =H$87*H66 -> 0 | I95: =SUM(B95:H95) -> 7.7341391e+10 | J95: =I95/$I$70 -> 0.047798595
A96: MP 3 Residencial | B96: =B$87*B67 -> 0 | C96: =C$87*C67 -> 0 | D96: =D$87*D67 -> 1.3163213e+10 | E96: =E$87*E67 -> 9.1351112e+09 | F96: =F$87*F67 -> 0 | G96: =G$87*G67 -> 0 | H96: =H$87*H67 -> 0 | I96: =SUM(B96:H96) -> 2.2298324e+10 | J96: =I96/$I$70 -> 0.01378083
A97: MP 4 Residencial | B97: =B$87*B68 -> 1.1716509e+11 | C97: =C$87*C68 -> 0 | D97: =D$87*D68 -> 0 | E97: =E$87*E68 -> 0 | F97: =F$87*F68 -> 0 | G97: =G$87*G68 -> 0 | H97: =H$87*H68 -> 0 | I97: =SUM(B97:H97) -> 1.1716509e+11 | J97: =I97/$I$70 -> 0.072410474
A98: MP 5 Comercio T3 | B98: =B$87*B69 -> 0 | C98: =C$87*C69 -> 0 | D98: =D$87*D69 -> 0 | E98: =E$87*E69 -> 0 | F98: =F$87*F69 -> 0 | G98: =G$87*G69 -> 0 | H98: =H$87*H69 -> 5.3331986e+09 | I98: =SUM(B98:H98) -> 5.3331986e+09 | J98: =I98/$I$70 -> 0.0032960281
A99: Total | B99: =SUM(B94:B98) -> 1.1716509e+11 | C99: =SUM(C94:C98) -> 1.7616477e+11 | D99: =SUM(D94:D98) -> 1.9377508e+10 | E99: =SUM(E94:E98) -> 9.1351112e+09 | F99: =SUM(F94:F98) -> 0 | G99: =SUM(G94:G98) -> 7.7341391e+10 | H99: =SUM(H94:H98) -> 5.3331986e+09 | I99: =SUM(I94:I98) -> 4.0451708e+11 | J99: =I99/$I$70 -> 0.25
A100: Participación en el valor total | B100: =B99/$I99 -> 0.2896419 | C100: =C99/$I99 -> 0.43549404 | D100: =D99/$I99 -> 0.047902819 | E100: =E99/$I99 -> 0.022582758 | F100: =F99/$I99 -> 0 | G100: =G99/$I99 -> 0.19119438 | H100: =H99/$I99 -> 0.013184112 | I100: =SUM(B100:H100) -> 1
A103: 14. UTILIDAD SOBRE LAS VENTAS
A104: Porcentaje de utilidad sobre las ventas | B104: 0.22 | C104: 0.18 | D104: 0.12 | E104: 0.08 | F104: 0.16 | G104: 0.16 | H104: 0.16 | I104: Total | J104: Participación en el valor total
A105: Manzana | B105: Vivienda ingresos altos | C105: Vivienda ingresos medios | D105: Vivienda VIS | E105: Vivienda VIP | F105: Comercio y Servicios Tipo 1 | G105: Comercial y de Servicios Tipo 3 Servicios de hospedaje y especiales | H105: Comercial y de Servicios Tipo 2 Clasificación Servicios al automovil
A106: MP1 Residencial | B106: =B$104*B65 -> 0 | C106: =C$104*C65 -> 1.2683864e+11 | D106: =D$104*D65 -> 2.9828619e+09 | E106: =E$104*E65 -> 0 | F106: =F$104*F65 -> 0 | G106: =G$104*G65 -> 0 | H106: =H$104*H65 -> 0 | I106: =SUM(B106:H106) -> 1.298215e+11 | J106: =I106/I$70 -> 0.080232397
A107: MP 2 Comercio T2 | B107: =B$104*B66 -> 0 | C107: =C$104*C66 -> 0 | D107: =D$104*D66 -> 0 | E107: =E$104*E66 -> 0 | F107: =F$104*F66 -> 0 | G107: =G$104*G66 -> 4.949849e+10 | H107: =H$104*H66 -> 0 | I107: =SUM(B107:H107) -> 4.949849e+10 | J107: =I107/I$70 -> 0.030591101
A108: MP 3 Residencial | B108: =B$104*B67 -> 0 | C108: =C$104*C67 -> 0 | D108: =D$104*D67 -> 6.3183421e+09 | E108: =E$104*E67 -> 2.9232356e+09 | F108: =F$104*F67 -> 0 | G108: =G$104*G67 -> 0 | H108: =H$104*H67 -> 0 | I108: =SUM(B108:H108) -> 9.2415777e+09 | J108: =I108/I$70 -> 0.005711488
A109: MP 4 Residencial | B109: =B$104*B68 -> 1.0310528e+11 | C109: =C$104*C68 -> 0 | D109: =D$104*D68 -> 0 | E109: =E$104*E68 -> 0 | F109: =F$104*F68 -> 0 | G109: =G$104*G68 -> 0 | H109: =H$104*H68 -> 0 | I109: =SUM(B109:H109) -> 1.0310528e+11 | J109: =I109/I$70 -> 0.063721217
A110: MP 5 Comercio T3 | B110: =B$104*B69 -> 0 | C110: =C$104*C69 -> 0 | D110: =D$104*D69 -> 0 | E110: =E$104*E69 -> 0 | F110: =F$104*F69 -> 0 | G110: =G$104*G69 -> 0 | H110: =H$104*H69 -> 3.4132471e+09 | I110: =SUM(B110:H110) -> 3.4132471e+09 | J110: =I110/I$70 -> 0.002109458
A111: Total | B111: =SUM(B106:B110) -> 1.0310528e+11 | C111: =SUM(C106:C110) -> 1.2683864e+11 | D111: =SUM(D106:D110) -> 9.301204e+09 | E111: =SUM(E106:E110) -> 2.9232356e+09 | F111: =SUM(F106:F110) -> 0 | G111: =SUM(G106:G110) -> 4.949849e+10 | H111: =SUM(H106:H110) -> 3.4132471e+09 | I111: =SUM(B111:H111) -> 2.950801e+11 | J111: =SUM(J106:J110) -> 0.18236566
A112: Participación en el valor total | B112: =B111/$I111 -> 0.34941456 | C112: =C111/$I111 -> 0.42984477 | D112: =D111/$I111 -> 0.031520947 | E112: =E111/$I111 -> 0.0099065834 | F112: =F111/$I111 -> 0 | G112: =G111/$I111 -> 0.16774595 | H112: =H111/$I111 -> 0.011567189 | I112: =I111/$I111 -> 1
A115: 15. BALANCE GENERAL POR MANZANA
A116: Manzana | B116: Valor total ingresos por ventas (VTv) | C116: Valor inicial (Vi) Mazana P | D116: Valor inicial (Vi) Cargas Gnr y Loc | E116: Costos directos de construcción (Cc) | F116: Costos Indirectos de costrucción (Cic) | G116: Utilidad (U) | H116: Costos total del urbanismo (Cu) | I116: Política de moradores | J116: Valor Suelo Urbanizado | K116: Valor Residual del suelo bruto | L116: Plusvalia | M116: Reparto para reducir tranferencias entre manzanas
A117: MP1 Residencial | B117: =I65 -> 7.2951628e+11 | C117: =I21 -> 30014472180 | D117: =($F$17-$H$30)*M117 -> 6.3151594e+10 | E117: =I77 -> 2.8133471e+11 | F117: =I94 -> 1.8237907e+11 | G117: =I106 -> 1.298215e+11 | H117: =$E$59*M117 -> 3.3883585e+10 | I117: =$D$135*M117 -> 8.9313463e+09 | J117: =B117-E117-F117-G117 -> 1.35981e+11 | K117: =J117-H117 -> 1.0209741e+11 | L117: =K117-C117-D117-I117 -> 0 | M117: 0.59500565
A118: MP 2 Comercio T2 | B118: =I66 -> 3.0936557e+11 | C118: =I24 -> 1.2203867e+10 | D118: =($F$17-$H$30)*M118 -> 9.9626066e+09 | E118: =I78 -> 1.5360485e+11 | F118: =I95 -> 7.7341391e+10 | G118: =I107 -> 4.949849e+10 | H118: =$E$59*M118 -> 5.3453731e+09 | I118: =$D$135*M118 -> 1.4089825e+09 | J118: =B118-E118-F118-G118 -> 2.892083e+10 | K118: =J118-H118 -> 2.3575457e+10 | L118: =K118-C118-D118-I118 -> -5.9604645e-06 | M118: 0.093866312
...

Sheet Programa
E5: Metros cuadrados vendibles | L5: Año | W5: Año
B6: Torres | C6: Numero de unidades | D6: Total m2 | E6: VIA | F6: VIM | G6: VIS | H6: VIP | I6: CS1 | J6: CS2 | K6: CS3 | L6: 1 | M6: 2 | N6: 3 | O6: 4 | P6: 5 | Q6: 6 | R6: 7 | S6: 8 | T6: 9 | U6: 10 | W6: 1 | Y6: 2 | AA6: 3 | AC6: 4 | AE6: 5 | AG6: 6 | AI6: 7 | AK6: 8 | AM6: 9 | AO6: 10
W7: I | X7: E | Y7: I | Z7: E | AA7: I | AB7: E | AC7: I | AD7: E | AE7: I | AF7: E | AG7: I | AH7: E | AI7: I | AJ7: E | AK7: I | AL7: E | AM7: I | AN7: E | AO7: I | AP7: E
A8: Edificabilidad | C8: =SUM(C9:C20) -> 2578.3345 | D8: =SUM(D9:D20) -> 216068.36 | E8: =SUM(E9:E20) -> 47339.432 | F8: =SUM(F9:F20) -> 93954.546 | G8: =SUM(G9:G20) -> 19488.24 | H8: =SUM(H9:H20) -> 14616.178 | I8: =SUM(I9:I20) -> 0 | J8: =SUM(J9:J20) -> 37727.508 | K8: =SUM(K9:K20) -> 2942.4544 | W8: =SUM(W9:W20) -> 6.5929442e+09 | X8: =SUM(X9:X20) -> 1.8394882e+10 | Y8: =SUM(Y9:Y20) -> 1.7645553e+10 | Z8: =SUM(Z9:Z20) -> 3.6733463e+10 | AA8: =SUM(AA9:AA20) -> 7.9387148e+10 | AB8: =SUM(AB9:AB20) -> 1.1287466e+11 | AC8: =SUM(AC9:AC20) -> 1.0416928e+11 | AD8: =SUM(AD9:AD20) -> 1.6070847e+11 | ... AP8: =SUM(AP9:AP20) -> 9.605995e+10
A9: MP1 Residencial | B9: Torre 1.1. | C9: =(('Cuadro General'!I91)+('Reparto C&B'!F36*'Cuadro General'!I92))/6 -> 241.16089 | D9: =(('Cuadro General'!E91*'Cuadro General'!F91)+('Reparto C&B'!F36*'Cuadro General'!E92*'Cuadro General'!F92))/6 -> 16700.726 | F9: =('Cuadro General'!E91*'Cuadro General'!F91/6) -> 15659.091 | G9: =('Reparto C&B'!F36*'Cuadro General'!E92*'Cuadro General'!F92)/6 -> 1041.6345 | N9: 1 | O9: 1 | P9: 1 | AA9: ='Reparto C&B'!B117*10%/6 -> 1.2158605e+10 | AB9: =(('Reparto C&B'!C117*50%)+('Reparto C&B'!D117*50%))/2+(('Reparto C&B'!E117*10%)+('Reparto C&B'!F117*30%)+('Reparto C&B'!H117*20%)+('Reparto C&B'!I117*50%))/6 -> 3.8973114e+10 | AC9: ='Reparto C&B'!B117*20%/6 -> 2.4317209e+10 | AD9: =(('Reparto C&B'!E117*50%)+('Reparto C&B'!F117*30%)+('Reparto C&B'!H117*50%)+('Reparto C&B'!I117*25%))/6 -> 3.5759284e+10 | AE9: ='Reparto C&B'!B117*70%/6 -> 8.5110233e+10 | AF9: =(('Reparto C&B'!E117*40%)+('Reparto C&B'!F117*40%)+('Reparto C&B'!H117*30%)+('Reparto C&B'!I117*25%))/6 -> 3.2980571e+10
B10: Torre 1.2. | C10: =(('Cuadro General'!I91)+('Reparto C&B'!F36*'Cuadro General'!I92))/6 -> 241.16089 | D10: =(('Cuadro General'!E91*'Cuadro General'!F91)+('Reparto C&B'!F36*'Cuadro General'!E92*'Cuadro General'!F92))/6 -> 16700.726 | F10: =('Cuadro General'!E91*'Cuadro General'!F91/6) -> 15659.091 | G10: =('Reparto C&B'!F36*'Cuadro General'!E92*'Cuadro General'!F92)/6 -> 1041.6345 | N10: 1 | O10: 1 | P10: 1 | AA10: ='Reparto C&B'!B117*10%/6 -> 1.2158605e+10 | AB10: =(('Reparto C&B'!C117*50%)+('Reparto C&B'!D117*50%))/2+(('Reparto C&B'!E117*10%)+('Reparto C&B'!F117*30%)+('Reparto C&B'!H117*20%)+('Reparto C&B'!I117*50%))/6 -> 3.8973114e+10 | AC10: ='Reparto C&B'!B117*20%/6 -> 2.4317209e+10 | AD10: =(('Reparto C&B'!E117*50%)+('Reparto C&B'!F117*30%)+('Reparto C&B'!H117*50%)+('Reparto C&B'!I117*25%))/6 -> 3.5759284e+10 | AE10: ='Reparto C&B'!B117*70%/6 -> 8.5110233e+10 | AF10: =(('Reparto C&B'!E117*40%)+('Reparto C&B'!F117*40%)+('Reparto C&B'!H117*30%)+('Reparto C&B'!I117*25%))/6 -> 3.2980571e+10
B11: Torre 1.3. | C11: =(('Cuadro General'!I91)+('Reparto C&B'!F36*'Cuadro General'!I92))/6 -> 241.16089 | D11: =(('Cuadro General'!E91*'Cuadro General'!F91)+('Reparto C&B'!F36*'Cuadro General'!E92*'Cuadro General'!F92))/6 -> 16700.726 | F11: =('Cuadro General'!E91*'Cuadro General'!F91/6) -> 15659.091 | G11: =('Reparto C&B'!F36*'Cuadro General'!E92*'Cuadro General'!F92)/6 -> 1041.6345 | O11: 1 | P11: 1 | Q11: 1 | AC11: ='Reparto C&B'!B117*10%/6 -> 1.2158605e+10 | AD11: =(('Reparto C&B'!C117*50%)+('Reparto C&B'!D117*50%))/2+(('Reparto C&B'!E117*10%)+('Reparto C&B'!F117*30%)+('Reparto C&B'!H117*20%)+('Reparto C&B'!I117*50%))/6 -> 3.8973114e+10 | AE11: ='Reparto C&B'!B117*20%/6 -> 2.4317209e+10 | AF11: =(('Reparto C&B'!E117*50%)+('Reparto C&B'!F117*30%)+('Reparto C&B'!H117*50%)+('Reparto C&B'!I117*25%))/6 -> 3.5759284e+10 | AG11: ='Reparto C&B'!B117*70%/6 -> 8.5110233e+10 | AH11: =(('Reparto C&B'!E117*40%)+('Reparto C&B'!F117*40%)+('Reparto C&B'!H117*30%)+('Reparto C&B'!I117*25%))/6 -> 3.2980571e+10
B12: Torre 1.4. | C12: =(('Cuadro General'!I91)+('Reparto C&B'!F36*'Cuadro General'!I92))/6 -> 241.16089 | D12: =(('Cuadro General'!E91*'Cuadro General'!F91)+('Reparto C&B'!F36*'Cuadro General'!E92*'Cuadro General'!F92))/6 -> 16700.726 | F12: =('Cuadro General'!E91*'Cuadro General'!F91/6) -> 15659.091 | G12: =('Reparto C&B'!F36*'Cuadro General'!E92*'Cuadro General'!F92)/6 -> 1041.6345 | O12: 1 | P12: 1 | Q12: 1 | AC12: ='Reparto C&B'!B117*10%/6 -> 1.2158605e+10 | AD12: =(('Reparto C&B'!C117*50%)+('Reparto C&B'!D117*50%))/2+(('Reparto C&B'!E117*10%)+('Reparto C&B'!F117*30%)+('Reparto C&B'!H117*20%)+('Reparto C&B'!I117*50%))/6 -> 3.8973114e+10 | AE12: ='Reparto C&B'!B117*20%/6 -> 2.4317209e+10 | AF12: =(('Reparto C&B'!E117*50%)+('Reparto C&B'!F117*30%)+('Reparto C&B'!H117*50%)+('Reparto C&B'!I117*25%))/6 -> 3.5759284e+10 | AG12: ='Reparto C&B'!B117*70%/6 -> 8.5110233e+10 | AH12: =(('Reparto C&B'!E117*40%)+('Reparto C&B'!F117*40%)+('Reparto C&B'!H117*30%)+('Reparto C&B'!I117*25%))/6 -> 3.2980571e+10
B13: Torre 1.5. | C13: =(('Cuadro General'!I91)+('Reparto C&B'!F36*'Cuadro General'!I92))/6 -> 241.16089 | D13: =(('Cuadro General'!E91*'Cuadro General'!F91)+('Reparto C&B'!F36*'Cuadro General'!E92*'Cuadro General'!F92))/6 -> 16700.726 | F13: =('Cuadro General'!E91*'Cuadro General'!F91/6) -> 15659.091 | G13: =('Reparto C&B'!F36*'Cuadro General'!E92*'Cuadro General'!F92)/6 -> 1041.6345 | P13: 1 | Q13: 1 | R13: 1 | AE13: ='Reparto C&B'!B117*10%/6 -> 1.2158605e+10 | AF13: =(('Reparto C&B'!E117*10%)+('Reparto C&B'!F117*30%)+('Reparto C&B'!H117*20%)+('Reparto C&B'!I117*50%))/6 -> 1.5681597e+10 | AG13: ='Reparto C&B'!B117*20%/6 -> 2.4317209e+10 | AH13: =(('Reparto C&B'!E117*50%)+('Reparto C&B'!F117*30%)+('Reparto C&B'!H117*50%)+('Reparto C&B'!I117*25%))/6 -> 3.5759284e+10 | AI13: ='Reparto C&B'!B117*70%/6 -> 8.5110233e+10 | AJ13: =(('Reparto C&B'!E117*40%)+('Reparto C&B'!F117*40%)+('Reparto C&B'!H117*30%)+('Reparto C&B'!I117*25%))/6 -> 3.2980571e+10
B14: Torre 1.6. | C14: =(('Cuadro General'!I91)+('Reparto C&B'!F36*'Cuadro General'!I92))/6 -> 241.16089 | D14: =(('Cuadro General'!E91*'Cuadro General'!F91)+('Reparto C&B'!F36*'Cuadro General'!E92*'Cuadro General'!F92))/6 -> 16700.726 | F14: =('Cuadro General'!E91*'Cuadro General'!F91/6) -> 15659.091 | G14: =('Reparto C&B'!F36*'Cuadro General'!E92*'Cuadro General'!F92)/6 -> 1041.6345 | P14: 1 | Q14: 1 | R14: 1 | AE14: ='Reparto C&B'!B117*10%/6 -> 1.2158605e+10 | AF14: =(('Reparto C&B'!E117*10%)+('Reparto C&B'!F117*30%)+('Reparto C&B'!H117*20%)+('Reparto C&B'!I117*50%))/6 -> 1.5681597e+10 | AG14: ='Reparto C&B'!B117*20%/6 -> 2.4317209e+10 | AH14: =(('Reparto C&B'!E117*50%)+('Reparto C&B'!F117*30%)+('Reparto C&B'!H117*50%)+('Reparto C&B'!I117*25%))/6 -> 3.5759284e+10 | AI14: ='Reparto C&B'!B117*70%/6 -> 8.5110233e+10 | AJ14: =(('Reparto C&B'!E117*40%)+('Reparto C&B'!F117*40%)+('Reparto C&B'!H117*30%)+('Reparto C&B'!I117*25%))/6 -> 3.2980571e+10
A15: MP 2 Comercio T2 | B15: Torre 2 | D15: ='Cuadro General'!E95*'Cuadro General'!F95 -> 37727.508 | J15: =D15 -> 37727.508 | R15: 1 | S15: 1 | T15: 1 | U15: 1 | AI15: ='Reparto C&B'!B118*10% -> 3.0936557e+10 | AJ15: ='Reparto C&B'!C118+'Reparto C&B'!D118+('Reparto C&B'!E118*10%)+('Reparto C&B'!F118*25%)+('Reparto C&B'!H118*20%)+('Reparto C&B'!I118*0%) -> 5.7931382e+10 | AK15: ='Reparto C&B'!B118*10% -> 3.0936557e+10 | AL15: =('Reparto C&B'!E118*25%)+('Reparto C&B'!F118*25%)+('Reparto C&B'!H118*20%)+('Reparto C&B'!I118*40%) -> 5.9369229e+10 | AM15: ='Reparto C&B'!B118*10% -> 3.0936557e+10 | AN15: =('Reparto C&B'!E118*45%)+('Reparto C&B'!F118*25%)+('Reparto C&B'!H118*30%)+('Reparto C&B'!I118*40%) -> 9.0624737e+10 | AO15: ='Reparto C&B'!B118*70% -> 2.165559e+11 | AP15: =('Reparto C&B'!E118*20%)+('Reparto C&B'!F118*25%)+('Reparto C&B'!H118*30%)+('Reparto C&B'!I118*20%) -> 5.1941727e+10
A16: MP 3 Residencial | B16: Torre 3.1. | C16: =(('Cuadro General'!I93)+('Reparto C&B'!F38*'Cuadro General'!I92))/2 -> 316.52967 | D16: =(('Cuadro General'!E93*'Cuadro General'!F93)+('Reparto C&B'!F38*'Cuadro General'!E92*'Cuadro General'!F92))/2 -> 13927.306 | G16: =(('Reparto C&B'!F38*'Cuadro General'!E92*'Cuadro General'!F92))/2 -> 6619.2167 | H16: =('Cuadro General'!E93*'Cuadro General'!F93)/2 -> 7308.089 | L16: 1 | M16: 1 | N16: 1 | W16: ='Reparto C&B'!B119*10%/2 -> 4.4596648e+09 | X16: =(('Reparto C&B'!C119)+('Reparto C&B'!E119*20%+'Reparto C&B'!F119*20%))/2 -> 1.1707329e+10 | Y16: ='Reparto C&B'!B119*20%/2 -> 8.9193295e+09 | Z16: =('Reparto C&B'!E119*50%+'Reparto C&B'!F119*50%)/2 -> 1.8739453e+10 | AA16: ='Reparto C&B'!B119*70%/2 -> 3.1217653e+10 | AB16: =('Reparto C&B'!E119*30%+'Reparto C&B'!F119*30%)/2 -> 1.1243672e+10
B17: Torre 3.2. | C17: =(('Cuadro General'!I93)+('Reparto C&B'!F38*'Cuadro General'!I92))/2 -> 316.52967 | D17: =(('Cuadro General'!E93*'Cuadro General'!F93)+('Reparto C&B'!F38*'Cuadro General'!E92*'Cuadro General'!F92))/2 -> 13927.306 | G17: =(('Reparto C&B'!F38*'Cuadro General'!E92*'Cuadro General'!F92))/2 -> 6619.2167 | H17: =('Cuadro General'!E93*'Cuadro General'!F93)/2 -> 7308.089 | M17: 1 | N17: 1 | O17: 1 | Y17: ='Reparto C&B'!B119*10%/2 -> 4.4596648e+09 | Z17: =(('Reparto C&B'!C119)+('Reparto C&B'!E119*20%+'Reparto C&B'!F119*20%))/2 -> 1.1707329e+10 | AA17: ='Reparto C&B'!B119*20%/2 -> 8.9193295e+09 | AB17: =('Reparto C&B'!E119*50%+'Reparto C&B'!F119*50%)/2 -> 1.8739453e+10 | AC17: ='Reparto C&B'!B119*70%/2 -> 3.1217653e+10 | AD17: =('Reparto C&B'!E119*30%+'Reparto C&B'!F119*30%)/2 -> 1.1243672e+10
A18: MP 4 Residencial | B18: Torre 4.1. | C18: ='Cuadro General'!I90/2 -> 249.1549 | D18: ='Cuadro General'!E90*'Cuadro General'!F90/2 -> 23669.716 | E18: =D18 -> 23669.716 | Q18: 1 | R18: 1 | S18: 1 | T18: 1 | AG18: ='Reparto C&B'!B120*10%/2 -> 2.3433019e+10 | AH18: =('Reparto C&B'!C120+'Reparto C&B'!D120)/2+(('Reparto C&B'!E120*10%)+('Reparto C&B'!F120*25%)+('Reparto C&B'!H120*20%)+('Reparto C&B'!I120*25%))/2 -> 4.9582625e+10 | AI18: ='Reparto C&B'!B120*10%/2 -> 2.3433019e+10 | AJ18: =(('Reparto C&B'!E120*30%)+('Reparto C&B'!F120*25%)+('Reparto C&B'!H120*25%)+('Reparto C&B'!I120*25%))/2 -> 4.3681051e+10 | AK18: ='Reparto C&B'!B120*10%/2 -> 2.3433019e+10 | AL18: =(('Reparto C&B'!E120*30%)+('Reparto C&B'!F120*25%)+('Reparto C&B'!H120*25%)+('Reparto C&B'!I120*25%))/2 -> 4.3681051e+10 | AM18: ='Reparto C&B'!B120*70%/2 -> 1.6403113e+11 | AN18: =(('Reparto C&B'!E120*30%)+('Reparto C&B'!F120*25%)+('Reparto C&B'!H120*30%)+('Reparto C&B'!I120*25%))/2 -> 4.4118223e+10
B19: Torre 4.2. | C19: ='Cuadro General'!I90/2 -> 249.1549 | D19: ='Cuadro General'!E90*'Cuadro General'!F90/2 -> 23669.716 | E19: =D19 -> 23669.716 | R19: 1 | S19: 1 | T19: 1 | U19: 1 | AI19: ='Reparto C&B'!B120*10%/2 -> 2.3433019e+10 | AJ19: =('Reparto C&B'!C120+'Reparto C&B'!D120)/2+(('Reparto C&B'!E120*10%)+('Reparto C&B'!F120*25%)+('Reparto C&B'!H120*20%)+('Reparto C&B'!I120*25%))/2 -> 4.9582625e+10 | AK19: ='Reparto C&B'!B120*10%/2 -> 2.3433019e+10 | AL19: =(('Reparto C&B'!E120*30%)+('Reparto C&B'!F120*25%)+('Reparto C&B'!H120*25%)+('Reparto C&B'!I120*25%))/2 -> 4.3681051e+10 | AM19: ='Reparto C&B'!B120*10%/2 -> 2.3433019e+10 | AN19: =(('Reparto C&B'!E120*30%)+('Reparto C&B'!F120*25%)+('Reparto C&B'!H120*25%)+('Reparto C&B'!I120*25%))/2 -> 4.3681051e+10 | AO19: ='Reparto C&B'!B120*70%/2 -> 1.6403113e+11 | AP19: =(('Reparto C&B'!E120*30%)+('Reparto C&B'!F120*25%)+('Reparto C&B'!H120*30%)+('Reparto C&B'!I120*25%))/2 -> 4.4118223e+10
A20: MP 5 Comercio T3 | B20: Torre 5 | D20: ='Cuadro General'!E96*'Cuadro General'!F96 -> 2942.4544 | K20: =D20 -> 2942.4544 | L20: 1 | M20: 1 | N20: 1 | W20: ='Reparto C&B'!B121*10% -> 2.1332794e+09 | X20: ='Reparto C&B'!C121+'Reparto C&B'!D121+('Reparto C&B'!E121*20%)+('Reparto C&B'!F121*30%)+('Reparto C&B'!H121*20%)+('Reparto C&B'!I121) -> 6.6875532e+09 | Y20: ='Reparto C&B'!B121*20% -> 4.2665589e+09 | Z20: =('Reparto C&B'!E121*50%)+('Reparto C&B'!F121*30%)+('Reparto C&B'!H121*50%) -> 6.2866815e+09 | AA20: ='Reparto C&B'!B121*70% -> 1.4932956e+10 | AB20: =('Reparto C&B'!E121*30%)+('Reparto C&B'!F121*40%)+('Reparto C&B'!H121*30%) -> 4.9453126e+09
A22: Vias Arteriales | AE22: =SUM(AE23:AE26) -> 0 | AF22: =SUM(AF23:AF26) -> 4417119930 | AG22: =SUM(AG23:AG26) -> 0 | AH22: =SUM(AH23:AH26) -> 4417119930 | AI22: =SUM(AI23:AI26) -> 0 | AJ22: =SUM(AJ23:AJ26) -> 4417119930 | AK22: =SUM(AK23:AK26) -> 0 | AL22: =SUM(AL23:AL26) -> 4417119930
A23: Retorno Puente Vehicular Av. Calle 63 - Area de Reserva | P23: 1 | Q23: 1 | R23: 1 | S23: 1 | AF23: ='Cuadro General'!D18*'Reparto C&B'!D58*25% -> 766390380 | AH23: ='Cuadro General'!D18*'Reparto C&B'!D58*25% -> 766390380 | AJ23: ='Cuadro General'!D18*'Reparto C&B'!D58*25% -> 766390380 | AL23: ='Cuadro General'!D18*'Reparto C&B'!D58*25% -> 766390380
A24: Calle 63A - Retorno Av. Carr 30 a Av. Calle 63 - Reserva | P24: 1 | Q24: 1 | R24: 1 | S24: 1 | AF24: ='Cuadro General'!D19*'Reparto C&B'!D58*25% -> 847591650 | AH24: ='Cuadro General'!D19*'Reparto C&B'!D58*25% -> 847591650 | AJ24: ='Cuadro General'!D19*'Reparto C&B'!D58*25% -> 847591650 | AL24: ='Cuadro General'!D19*'Reparto C&B'!D58*25% -> 847591650
A25: Cesión Area Verde conformación de Calle 63A - Retorno Av. Carrera 30 a Av. Calle 63 | P25: 1 | Q25: 1 | R25: 1 | S25: 1 | AF25: ='Cuadro General'!D20*'Reparto C&B'!D58*25% -> 475013850 | AH25: ='Cuadro General'!D20*'Reparto C&B'!D58*25% -> 475013850 | AJ25: ='Cuadro General'!D20*'Reparto C&B'!D58*25% -> 475013850 | AL25: ='Cuadro General'!D20*'Reparto C&B'!D58*25% -> 475013850
A26: Area Verde conformación Retorno Puente Vehicular Av. Calle 63 | P26: 1 | Q26: 1 | R26: 1 | S26: 1 | AF26: ='Cuadro General'!D21*'Reparto C&B'!D58*25% -> 2328124050 | AH26: ='Cuadro General'!D21*'Reparto C&B'!D58*25% -> 2328124050 | AJ26: ='Cuadro General'!D21*'Reparto C&B'!D58*25% -> 2328124050 | AL26: ='Cuadro General'!D21*'Reparto C&B'!D58*25% -> 2328124050
A27: Espacio público | W27: =SUM(W28:W32) -> 0 | X27: =SUM(X28:X32) -> 354529800 | Y27: =SUM(Y28:Y32) -> 0 | Z27: =SUM(Z28:Z32) -> 354529800 | AA27: =SUM(AA28:AA32) -> 0 | AB27: =SUM(AB28:AB32) -> 354529800 | AC27: =SUM(AC28:AC32) -> 0 | AD27: =SUM(AD28:AD32) -> 354529800 | ... AP27: =SUM(AP28:AP32) -> 842899360
A28: Almeda Area Verde Anterior Carrera 36A | R28: 1 | S28: 1 | T28: 1 | AJ28: ='Cuadro General'!D25*'Reparto C&B'!$D$56/3 -> 2165413780 | AL28: ='Cuadro General'!D25*'Reparto C&B'!$D$56/3 -> 2165413780 | AN28: ='Cuadro General'!D25*'Reparto C&B'!$D$56/3 -> 2165413780
A29: Alameda peatonal Occidental Calle 63C | Q29: 1 | R29: 1 | S29: 1 | T29: 1 | AH29: ='Cuadro General'!D26*'Reparto C&B'!D56/4 -> 573551280 | AJ29: ='Cuadro General'!D26*'Reparto C&B'!D56/4 -> 573551280 | AL29: ='Cuadro General'!D26*'Reparto C&B'!D56/4 -> 573551280 | AN29: ='Cuadro General'!D26*'Reparto C&B'!D56/4 -> 573551280
A30: Alameda peatonal Oriental Calle 63C | L30: 1 | M30: 1 | N30: 1 | O30: 1 | X30: ='Cuadro General'!D27*'Reparto C&B'!D56/4 -> 354529800 | Z30: ='Cuadro General'!D27*'Reparto C&B'!D56/4 -> 354529800 | AB30: ='Cuadro General'!D27*'Reparto C&B'!D56/4 -> 354529800 | AD30: ='Cuadro General'!D27*'Reparto C&B'!D56/4 -> 354529800
A31: Area Parque No 1 | Q31: 1 | R31: 1 | S31: 1 | AH31: ='Cuadro General'!D28*'Reparto C&B'!D56/3 -> 490813320 | AJ31: ='Cuadro General'!D28*'Reparto C&B'!D56/3 -> 490813320 | AL31: ='Cuadro General'!D28*'Reparto C&B'!D56/3 -> 490813320
A32: Area Parque No 2 | S32: 1 | T32: 1 | U32: 1 | AL32: ='Cuadro General'!D29*'Reparto C&B'!D56/3 -> 842899360 | AN32: ='Cuadro General'!D29*'Reparto C&B'!D56/3 -> 842899360 | AP32: ='Cuadro General'!D29*'Reparto C&B'!D56/3 -> 842899360
A33: Equipamientos | AC33: =SUM(AC34:AC36) -> 0 | AD33: =SUM(AD34:AD36) -> 793365000 | AE33: =SUM(AE34:AE36) -> 0 | AF33: =SUM(AF34:AF36) -> 1026237750 | AG33: =SUM(AG34:AG36) -> 0 | AH33: =SUM(AH34:AH36) -> 1.3709641e+09 | AI33: =SUM(AI34:AI36) -> 0 | AJ33: =SUM(AJ34:AJ36) -> 1.3709641e+09 | ... AN33: =SUM(AN34:AN36) -> 1.3709641e+09
A34: Equipamiento No 1 - Educativo | O34: 1 | AD34: ='Cuadro General'!D31*'Reparto C&B'!D57 -> 793365000
A35: Equipamiento No 2 - Educativo | P35: 1 | AF35: ='Cuadro General'!D32*'Reparto C&B'!D57 -> 1026237750
A36: Equipamiento No 3 - Cultural y Transporte | Q36: 1 | R36: 1 | S36: 1 | T36: 1 | AH36: ='Cuadro General'!D33*'Reparto C&B'!D57/4 -> 1.3709641e+09 | AJ36: ='Cuadro General'!D33*'Reparto C&B'!D57/4 -> 1.3709641e+09 | AL36: ='Cuadro General'!D33*'Reparto C&B'!D57/4 -> 1.3709641e+09 | AN36: ='Cuadro General'!D33*'Reparto C&B'!D57/4 -> 1.3709641e+09
A37: Vías Intermedias y locales | AA37: =SUM(AA38:AA48) -> 0 | AB37: =SUM(AB38:AB48) -> 2870002800 | AC37: =SUM(AC38:AC48) -> 0 | AD37: =SUM(AD38:AD48) -> 3836263320 | AE37: =SUM(AE38:AE48) -> 0 | AF37: =SUM(AF38:AF48) -> 1809897480 | AG37: =SUM(AG38:AG48) -> 0 | AH37: =SUM(AH38:AH48) -> 1426232880 | ... AP37: =SUM(AP38:AP48) -> 1.2993888e+09
A38: Calle 63B | AB38: ='Cuadro General'!D35*'Reparto C&B'!D58*50% -> 1548961080 | AD38: 1548961080
A39: Calle 63D | AH39: ='Cuadro General'!D36*'Reparto C&B'!D58 -> 756136440
A40: Calle 63F | AD40: ='Cuadro General'!D37*'Reparto C&B'!D58/2 -> 966260520 | AF40: ='Cuadro General'!D37*'Reparto C&B'!D58/2 -> 966260520
A41: Carrera 35 | AJ41: ='Cuadro General'!D38*'Reparto C&B'!D58/4 -> 1.2993888e+09 | AL41: ='Cuadro General'!D38*'Reparto C&B'!D58/4 -> 1.2993888e+09 | AN41: ='Cuadro General'!D38*'Reparto C&B'!D58/4 -> 1.2993888e+09 | AP41: ='Cuadro General'!D38*'Reparto C&B'!D58/4 -> 1.2993888e+09
A42: Carrera 36 | AB42: ='Cuadro General'!D39*'Reparto C&B'!D58/2 -> 1321041720 | AD42: ='Cuadro General'!D39*'Reparto C&B'!D58/2 -> 1321041720
A43: Carrera 36A - Peatonal Restringido Acceso a Proy. Resid. Central Park | AJ43: ='Cuadro General'!D40*'Reparto C&B'!D58/2 -> 672754140 | AL43: ='Cuadro General'!D40*'Reparto C&B'!D58/2 -> 672754140
A44: Cesión para conformación de andén Carrera 30 Manz 1 | AF44: ='Cuadro General'!D41*'Reparto C&B'!D58 -> 173540520
A45: Cesión para conformación de andén Carrera 30 AMD No 3 | AN45: ='Cuadro General'!D42*'Reparto C&B'!D58 -> 422758440
A46: Cesión para conformación de andén Calle 63F AMD No 3 | AN46: ='Cuadro General'!D43*'Reparto C&B'!D58 -> 111840360
A47: Cesión para conformación de andén Carrera 35 AMD No 3 | AN47: ='Cuadro General'!D44*'Reparto C&B'!D58 -> 74863920
A48: Cesión para conformación de andén Carrera 30 | AF48: ='Cuadro General'!D45*'Reparto C&B'!D58/3 -> 670096440 | AH48: ='Cuadro General'!D45*'Reparto C&B'!D58/3 -> 670096440 | AJ48: ='Cuadro General'!D45*'Reparto C&B'!D58/3 -> 670096440
W49: =W8+W22+W27+W33+W37 -> 6.5929442e+09 | X49: =X8 -> 1.8394882e+10 | Y49: =Y8+Y22+Y27+Y33+Y37 -> 1.7645553e+10 | Z49: =Z8 -> 3.6733463e+10 | AA49: =AA8+AA22+AA27+AA33+AA37 -> 7.9387148e+10 | AB49: =AB8 -> 1.1287466e+11 | AC49: =AC8+AC22+AC27+AC33+AC37 -> 1.0416928e+11 | AD49: =AD8 -> 1.6070847e+11 | AE49: =AE8+AE22+AE27+AE33+AE37 -> 2.4317209e+11 | AF49: =AF8 -> 1.688429e+11 | AG49: =AG8+AG22+AG27+AG33+AG37 -> 2.422879e+11 | AH49: =AH8 -> 1.8706234e+11 | AI49: =AI8+AI22+AI27+AI33+AI37 -> 2.4802306e+11 | AJ49: =AJ8 -> 2.171562e+11 | AK49: =AK8+AK22+AK27+AK33+AK37 -> 7.7802594e+10 | AL49: =AL8 -> 1.4673133e+11 | AM49: =AM8+AM22+AM27+AM33+AM37 -> 2.1840071e+11 | AN49: =AN8 -> 1.7842401e+11 | AO49: =AO8+AO22+AO27+AO33+AO37 -> 3.8058703e+11 | AP49: =AP8 -> 9.605995e+10

Sheet TIR
C4: Inversión Inicial | D4: Ingresos | E4: Egresos | F4: Flujo de efectivo Neto | I4: Tasa | J4: VNA
C5: Año 0 | F5: =-D20 -> -120916550100 | I5: 0.02 | J5: =NPV(I5,$F$6:$F$16)+$F$5 -> 3.5396315e+11
C6: Año 1 | D6: 6.5929442e+09 | E6: 1.8394882e+10 | F6: =D6-E6 -> -1.1801938e+10 | I6: 0.04 | J6: =NPV(I6,$F$6:$F$16)+$F$5 -> 2.6179864e+11
C7: Año 2 | D7: 1.7645553e+10 | E7: 3.6733463e+10 | F7: =D7-E7 -> -1.908791e+10 | I7: 0.06 | J7: =NPV(I7,$F$6:$F$16)+$F$5 -> 1.8780179e+11
C8: Año 3 | D8: 7.9387148e+10 | E8: 1.1287466e+11 | F8: =D8-E8 -> -3.3487516e+10 | I8: 0.08 | J8: =NPV(I8,$F$6:$F$16)+$F$5 -> 1.2815278e+11
C9: Año 4 | D9: 1.0416928e+11 | E9: 1.6070847e+11 | F9: =D9-E9 -> -5.6539186e+10 | I9: 0.1 | J9: =NPV(I9,$F$6:$F$16)+$F$5 -> 7.9887676e+10
C10: Año 5 | D10: 2.4317209e+11 | E10: 1.688429e+11 | F10: =D10-E10 -> 7.4329188e+10 | I10: 0.12 | J10: =NPV(I10,$F$6:$F$16)+$F$5 -> 4.0695197e+10
C11: Año 6 | D11: 2.422879e+11 | E11: 1.8706234e+11 | F11: =D11-E11 -> 5.5225567e+10 | I11: 0.14 | J11: =NPV(I11,$F$6:$F$16)+$F$5 -> 8.7643685e+09
C12: Año 7 | D12: 2.4802306e+11 | E12: 2.171562e+11 | F12: =D12-E12 -> 3.0866859e+10 | I12: 0.16308951 | J12: =NPV(I12,$F$6:$F$16)+$F$5 -> -2.091655e+10
C13: Año 8 | D13: 7.7802594e+10 | E13: 1.4673133e+11 | F13: =D13-E13 -> -6.8928737e+10 | I13: 0.18 | J13: =NPV(I13,$F$6:$F$16)+$F$5 -> -3.8716093e+10
C14: Año 9 | D14: 2.1840071e+11 | E14: 1.7842401e+11 | F14: =D14-E14 -> 3.9976694e+10 | I14: 0.2 | J14: =NPV(I14,$F$6:$F$16)+$F$5 -> -5.6287923e+10
C15: Año 10 | D15: 3.8058703e+11 | E15: 9.605995e+10 | F15: =D15-E15 -> 2.8452708e+11 | I15: 0.22 | J15: =NPV(I15,$F$6:$F$16)+$F$5 -> -7.075954e+10
D16: =SUM(D6:D15) -> 1.6180683e+12 | E16: =SUM(E6:E15) -> 1.3229882e+12 | F16: =D16-E16 -> 2.950801e+11 | I16: 0.24 | J16: =NPV(I16,$F$6:$F$16)+$F$5 -> -8.2702331e+10
I17: 0.26 | J17: =NPV(I17,$F$6:$F$16)+$F$5 -> -9.2575515e+10
C18: Periodo n (años) | D18: 10 | E18: VAN | F18: =NPV(D19,F6:F16) -> 2.0080423e+11 | I18: 0.28 | J18: =NPV(I18,$F$6:$F$16)+$F$5 -> -1.0074955e+11
C19: Tasa de interés i | D19: 0.1 | E19: VAN-IO | F19: =F18+F5 -> 7.9887676e+10 | I19: 0.3 | J19: =NPV(I19,$F$6:$F$16)+$F$5 -> -1.0752437e+11
C20: Inversión Inicial | D20: 120916550100 | E20: TIR | F20: =IRR(F5:F16) -> 0.14628036 | I20: TIR | J20: =IRR(F5:F16) -> 0.14628036
